[Event "Team 45 45 League T99"]
[Site "Internet Chess Club"]
[Date "2024.03.08"]
[Round "4"]
[White "jjmolina1"]
[Black "trogers41"]
[Result "1-0"]
[WhiteElo "1419"]
[BlackElo "1436"]
[Opening "Giuoco Piano"]
[ECO "C54"]
[Time "10:01:36"]
[PlyCount "79"]
[TimeControl "2700+45"]

1. e4 e5 2. Nf3 Nc6 3. Bc4 Bc5 4. c3 Nf6 5. d3 O-O 6. Bg5 h6 7. Bh4 d6 8. b4 Bb6
9. Nbd2 a6 10. Nf1 Be6 11. Bb3 Nb8 12. Ne3 Bxb3 13. axb3 Bxe3 14. fxe3 Nbd7 15.
O-O Qe8 16. Qd2 Qe6 17. Rfb1 c5 18. c4 cxb4 19. Qxb4 Nc5 20. Qd2 g5 21. Bg3 Nh5
22. Bf2 f5 23. exf5 Qxf5 24. e4 Qf6 25. Bxc5 dxc5 26. Rf1 Nf4 27. g3 Ne6 28. Nh4
Qd8 29. Rxf8+ Qxf8 30. Rf1 Qd8 31. Nf5 Kh7 32. Ne3 Kg6 33. Nd5 Nd4 34. Rf6+ Kg7
35. Qf2 Qg8 36. Ne7 Qe8 37. Rg6+ Kh7 38. Qf6 Qxe7 39. Rxh6+ Kg8 40. Rh8# {Black
checkmated} 1-0

[Event "Team 45 45 League T99"]
[Site "Internet Chess Club"]
[Date "2024.03.07"]
[Round "4"]
[White "QuieroAprender"]
[Black "fhunfi"]
[Result "0-1"]
[WhiteElo "1680"]
[BlackElo "1741"]
[Opening "French: Two knights variation"]
[ECO "C00"]
[Time "19:33:31"]
[PlyCount "132"]
[TimeControl "2700+45"]

1. e4 e6 2. Nc3 d5 3. Nf3 Nf6 4. e5 Nfd7 5. d4 Be7 6. Bd3 c5 7. Bb5 Nc6 8. Bxc6
bxc6 9. Be3 cxd4 10. Nxd4 Bb7 11. Nf3 c5 12. Bd2 O-O 13. Qe2 a5 14. O-O Ba6 15.
Nb5 Bxb5 16. Qxb5 Qc7 17. Qe2 h6 18. Rfe1 Nb6 19. b3 d4 20. g4 Nd5 21. g5 h5 22.
Nh4 g6 23. Ng2 Qb6 24. Qe4 Kg7 25. Nf4 Nxf4 26. Bxf4 Ra7 27. h4 Qb7 28. f3 Qxe4
29. fxe4 a4 30. Rad1 axb3 31. axb3 Ra2 32. Re2 Rd8 33. Kf2 Kf8 34. c3 Rxe2+ 35.
Kxe2 Rb8 36. Rb1 dxc3 37. Kd3 Rb4 38. Kxc3 Rxe4 39. Rf1 Bd8 40. Kc2 Bc7 41. Kd3
Rb4 42. Kc2 c4 43. bxc4 Rxc4+ 44. Kd3 Rc5 45. Re1 Ke7 46. Re2 Kd7 47. Rd2 Rd5+
48. Ke4 Rxd2 49. Bxd2 Kc6 50. Be1 Bb6 51. Bg3 Bg1 52. Be1 Kc5 53. Bg3 Kc4 54.
Be1 Bb6 55. Bg3 Ba5 56. Bf2 Bd2 57. Bg3 Kc3 58. Bf2 Bc1 59. Bg3 Bd2 60. Bf2 Bc1
61. Bg3 Ba3 62. Bf2 Kd2 63. Bg3 Bc5 64. Kf3 Kd3 65. Be1 Kd4 66. Bg3 Kd5 {White
resigns} 0-1

[Event "Team 45 45 League T99"]
[Site "Internet Chess Club"]
[Date "2024.03.09"]
[Round "4"]
[White "Gilguli"]
[Black "BrerRabbit"]
[Result "1-0"]
[WhiteElo "1433"]
[BlackElo "1264"]
[Opening "Caro-Kann defense"]
[ECO "B10"]
[Time "16:01:54"]
[PlyCount "49"]
[TimeControl "2700+45"]

1. e4 c6 2. g3 d5 3. e5 Bf5 4. f4 h6 5. Bg2 e6 6. Nf3 Bc5 7. d4 Bb4+ 8. Bd2 Ba5
9. O-O Bxd2 10. Qxd2 Qb6 11. Nc3 Nd7 12. Nh4 Bh7 13. Rae1 Ne7 14. g4 O-O-O 15.
f5 exf5 16. e6 Nf6 17. exf7 Ng6 18. Nxf5 Rhf8 19. Nxg7 Rxf7 20. Ne6 Rdd7 21. Nc5
Rd8 22. Re6 Rdf8 23. Bh3 Qc7 24. g5 hxg5 25. Re8# {Black checkmated} 1-0

[Event "Team 45 45 League T99"]
[Site "Internet Chess Club"]
[Date "2024.03.09"]
[Round "4"]
[White "BIRDSMAN"]
[Black "Toalla"]
[Result "1-0"]
[WhiteElo "1471"]
[BlackElo "1090"]
[Opening "Pirc: classical, h3 system"]
[ECO "B08"]
[Time "18:13:43"]
[PlyCount "81"]
[TimeControl "2700+45"]

1. d4 d6 2. Nf3 Nf6 3. Nc3 g6 4. e4 Bg7 5. h3 O-O 6. Be3 c6 7. Qd2 Nbd7 8. Bd3
e5 9. O-O Ne8 10. dxe5 Nxe5 11. Bg5 Nxf3+ 12. gxf3 f6 13. Bf4 Bxh3 14. Rfd1 Be6
15. Bf1 Kh8 16. Bxd6 Nxd6 17. Qxd6 Qxd6 18. Rxd6 Rfe8 19. Rad1 Bf8 20. R6d2 Bh6
21. Rd4 Bf8 22. a4 a5 23. Bc4 Bc5 24. Bxe6 Bxd4 25. Bd7 Bxc3 26. Bxe8 Rxe8 27.
bxc3 Re7 28. Rd8+ Kg7 29. Ra8 b6 30. Rb8 Rd7 31. Rxb6 Rd2 32. Rxc6 Rxc2 33. Rc4
g5 34. Kg2 h5 35. Rc5 Kg6 36. c4 h4 37. Rxa5 Rxc4 38. Ra8 Kf7 39. a5 Rc5 40. a6
Rc7 41. a7 {Black resigns} 1-0

[Event "Team 45 45 League T99"]
[Site "Internet Chess Club"]
[Date "2024.03.10"]
[Round "4"]
[White "DaveTheRook"]
[Black "fireball"]
[Result "1-0"]
[WhiteElo "1508"]
[BlackElo "1475"]
[Opening "QGD semi-Slav: 5.e3"]
[ECO "D45"]
[Time "13:04:00"]
[PlyCount "97"]
[TimeControl "2700+45"]

1. Nf3 Nf6 2. d4 d5 3. c4 c6 4. Nc3 e6 5. e3 Bd6 6. c5 Bc7 7. Bd3 b6 8. b4 a5 9.
cxb6 Bxb6 10. b5 cxb5 11. Bxb5+ Bd7 12. a4 O-O 13. O-O Nc6 14. Bxc6 Bxc6 15. Ba3
Re8 16. Ne5 Bb7 17. Qf3 Bc7 18. Rab1 Ba6 19. Rfc1 Bxe5 20. dxe5 Nd7 21. Bd6 Rc8
22. Qd1 Nb6 23. Nb5 Nc4 24. Qe1 Bxb5 25. Rxb5 Nxd6 26. exd6 Rxc1 27. Qxc1 Qxd6
28. Rc5 Qa6 29. Rc6 Qa8 30. h3 g6 31. Qc3 Qa7 32. Rc5 h6 33. Rxa5 Qb6 34. Rb5
Qa6 35. Qb4 Ra8 36. Rb8+ Rxb8 37. Qxb8+ Kh7 38. Qb5 Qc8 39. a5 Qc1+ 40. Kh2 Qc7+
41. g3 Qc2 42. Kg2 Qe4+ 43. Kg1 Qf3 44. a6 Qd1+ 45. Kg2 Qc2 46. Qb7 Kg7 47. a7
Qe4+ 48. Kg1 d4 49. Qxe4 {Black resigns} 1-0

[Event "Team 45 45 League T99"]
[Site "Internet Chess Club"]
[Date "2024.03.09"]
[Round "4"]
[White "seattleblues"]
[Black "garytd"]
[Result "1/2-1/2"]
[WhiteElo "1330"]
[BlackElo "1459"]
[Opening "Bogo-Indian defense, Nimzovich variation"]
[ECO "E11"]
[Time "07:06:40"]
[PlyCount "45"]
[TimeControl "2700+45"]

1. d4 Nf6 2. Nf3 e6 3. c4 Bb4+ 4. Bd2 Qe7 5. e3 b6 6. a3 Bxd2+ 7. Nbxd2 Bb7 8.
Be2 Ne4 9. Qc2 f5 10. Nxe4 Bxe4 11. Qd1 O-O 12. O-O d6 13. Rc1 Nd7 14. b4 g5 15.
d5 Bxf3 16. Bxf3 g4 17. Be2 e5 18. e4 Qg5 19. exf5 Rxf5 20. Bxg4 Rf7 21. Be6 Rf8
22. Rc3 Kh8 23. Rg3 {Game drawn by mutual agreement} 1/2-1/2

[Event "Team 45 45 League T99"]
[Site "Internet Chess Club"]
[Date "2024.03.10"]
[Round "4"]
[White "Fischeresque930"]
[Black "Packerfan"]
[Result "1-0"]
[WhiteElo "2067"]
[BlackElo "1701"]
[Opening "Queen's pawn, Mason variation"]
[ECO "D00"]
[Time "15:01:29"]
[PlyCount "65"]
[TimeControl "2700+45"]

1. d4 d5 2. Bf4 Nf6 3. e3 Bf5 4. c4 e6 5. Nc3 c6 6. Qb3 Qb6 7. c5 Qxb3 8. axb3
Nbd7 9. b4 Be7 10. h3 O-O 11. Nf3 h6 12. Nd2 Bc2 13. Be2 Rfc8 14. O-O Bd8 15. b5
Ne8 16. bxc6 bxc6 17. Ba6 Rcb8 18. Bxb8 Rxb8 19. Ra2 Nc7 20. Be2 Kf8 21. b3 Bxb3
22. Rb2 Bc4 23. Nxc4 dxc4 24. Rxb8 Nxb8 25. Bxc4 Nd5 26. Nxd5 exd5 27. Bd3 a5
28. Rb1 Nd7 29. Ba6 Bc7 30. Rb7 a4 31. Rxc7 a3 32. Bb7 Ke7 33. Bxc6 {Black
resigns} 1-0

[Event "Team 45 45 League T99"]
[Site "Internet Chess Club"]
[Date "2024.03.09"]
[Round "4"]
[White "Salvatore"]
[Black "trombone"]
[Result "0-1"]
[WhiteElo "1538"]
[BlackElo "1813"]
[Opening "Robatsch (modern) defense"]
[ECO "B06"]
[Time "17:00:32"]
[PlyCount "94"]
[TimeControl "2700+45"]

1. e4 g6 2. d4 Bg7 3. Nc3 d6 4. Be3 a6 5. g4 b5 6. h4 h6 7. h5 g5 8. Bg2 Bb7 9.
d5 c5 10. Nce2 Bxb2 11. Rb1 Bg7 12. Ng3 Nd7 13. N1e2 Ne5 14. f3 Nc4 15. Bc1 Qa5+
16. Kf2 Qxa2 17. Bd2 Nxd2 18. Qxd2 Be5 19. Rhd1 Bc8 20. f4 gxf4 21. Nf5 Bxf5 22.
gxf5 Nf6 23. Bf3 Kd7 24. Rg1 Rhg8 25. Rbd1 Rxg1 26. Rxg1 Rg8 27. Rxg8 Nxg8 28.
Bg2 Nf6 29. Bf3 Qa4 30. Qd3 Qb4 31. c3 Qb2 32. Kf1 a5 33. Kg2 a4 34. Kh3 a3 35.
Nd4 cxd4 36. cxd4 Bxd4 37. Be2 Qc3 38. Qxc3 Bxc3 39. Bxb5+ Kc7 40. Bc4 Nxe4 41.
Kg4 Bd2 42. Kf3 Nf6 43. Ke2 Be3 44. Kf3 Nxh5 45. Kg4 Ng7 46. f6 exf6 47. Kf3 h5
{White resigns} 0-1

[Event "Team 45 45 League T99"]
[Site "Internet Chess Club"]
[Date "2024.03.08"]
[Round "4"]
[White "Signofthetimes"]
[Black "justice02"]
[Result "1-0"]
[WhiteElo "1566"]
[BlackElo "1544"]
[Opening "French defense"]
[ECO "C00"]
[Time "21:00:47"]
[PlyCount "80"]
[TimeControl "2700+45"]

1. e4 e6 2. Nf3 d5 3. e5 c5 4. Bb5+ Bd7 5. Bxd7+ Nxd7 6. O-O Ne7 7. d4 Ng6 8. c3
Be7 9. b3 Rc8 10. Bb2 O-O 11. Nbd2 Qb6 12. c4 cxd4 13. Bxd4 Bc5 14. Bxc5 Qxc5
15. Re1 Nb6 16. cxd5 Qxd5 17. Ne4 Nxe5 18. Nxe5 Qxe5 19. Nd6 Qg5 20. Nxc8 Rxc8
21. Rc1 Rd8 22. Qf3 Nd5 23. Rcd1 Rc8 24. Qg3 Qxg3 25. hxg3 g6 26. Rc1 Rb8 27.
Kf1 b6 28. Re2 Kf8 29. Rec2 Ke7 30. Ke2 h5 31. a3 Rd8 32. Rc4 Rg8 33. b4 g5 34.
b5 f5 35. a4 e5 36. Rc6 h4 37. Rh6 e4 38. Rcc6 Rg7 39. gxh4 gxh4 40. Kf1 Nf4
{Black resigns} 1-0

[Event "Team 45 45 League T99"]
[Site "Internet Chess Club"]
[Date "2024.03.09"]
[Round "4"]
[White "cayo89"]
[Black "stantheman59"]
[Result "1-0"]
[WhiteElo "1510"]
[BlackElo "1181"]
[Opening "Caro-Kann: closed (Breyer) variation"]
[ECO "A00"]
[Time "09:17:17"]
[PlyCount "55"]
[TimeControl "2700+45"]

1. d3 c6 2. e4 d5 3. Nd2 e5 4. Ngf3 Bg4 5. Be2 Nd7 6. c3 dxe4 7. dxe4 Ngf6 8.
Qc2 Bd6 9. h3 Bh5 10. Nf1 Qe7 11. g4 Bg6 12. Ng3 Nc5 13. Bg5 h6 14. Bxf6 Qxf6
15. Nf5 O-O-O 16. O-O-O Rd7 17. b4 Ne6 18. Nxd6+ Kb8 19. Nc4 Rxd1+ 20. Rxd1 Rd8
21. Rxd8+ Qxd8 22. Ncxe5 Nf8 23. Qd3 Qe7 24. a3 Ne6 25. Nxg6 fxg6 26. Nd4 Nf4
27. Qe3 Ng2 28. Qg3+ {Black resigns} 1-0

[Event "Team 45 45 League T99"]
[Site "Internet Chess Club"]
[Date "2024.03.11"]
[Round "4"]
[White "DimEyeChessGuy"]
[Black "Goli"]
[Result "1-0"]
[WhiteElo "1692"]
[BlackElo "1781"]
[Opening "Pirc: Austrian attack, 6.Bd3"]
[ECO "B06"]
[Time "16:32:51"]
[PlyCount "66"]
[TimeControl "2700+45"]

1. e4 g6 2. d4 d6 3. Nc3 Bg7 4. f4 Nf6 5. Nf3 O-O 6. Bd3 c5 7. dxc5 dxc5 8. e5
Nd5 9. Nxd5 Qxd5 10. Qe2 Nc6 11. Be4 Qd7 12. Be3 b6 13. h4 h5 14. Ng5 e6 15. g4
hxg4 16. Qxg4 f5 17. exf6 Rxf6 18. h5 e5 19. Qh4 exf4 20. Bxf4 Qg4 21. Qxg4 Bxg4
22. Bd5+ Kh8 23. hxg6+ Bh6 24. Nf7+ Kg7 25. Bxh6+ Kxg6 26. Bxc6 Re6+ 27. Kf2 Rc8
28. Bd7 Rf6+ 29. Kg3 Bxd7 30. Ne5+ Kf5 31. Nxd7 Rg8+ 32. Kf2 Ke6+ 33. Nxf6 Kxf6
{Black resigns} 1-0

[Event "Team 45 45 League T99"]
[Site "Internet Chess Club"]
[Date "2024.03.08"]
[Round "4"]
[White "fhunfi"]
[Black "elmaestro"]
[Result "1/2-1/2"]
[WhiteElo "1737"]
[BlackElo "1661"]
[Opening "Vienna game"]
[ECO "C28"]
[Time "17:03:59"]
[PlyCount "85"]
[TimeControl "2700+45"]

1. e4 e5 2. Nc3 Nf6 3. Bc4 Nc6 4. d3 Na5 5. Nge2 Nxc4 6. dxc4 Bb4 7. O-O O-O 8.
Bg5 c6 9. a3 Be7 10. Qd3 h6 11. Bxf6 Bxf6 12. Rad1 Be7 13. Kh1 d6 14. f4 Bg4 15.
f5 f6 16. Rd2 Bxe2 17. Qxe2 Qe8 18. Rfd1 Qf7 19. g4 a6 20. Rg1 Kh8 21. Nd1 b5
22. cxb5 axb5 23. Ne3 Rad8 24. Rgd1 Rg8 25. c4 Rb8 26. cxb5 Rxb5 27. Nc4 d5 28.
exd5 Rxd5 29. Ne3 Rxd2 30. Rxd2 Bc5 31. Nc4 Bd4 32. Nd6 Qd5+ 33. Ne4 Rb8 34. b4
Qb3 35. Qd3 Qd5 36. Qe2 Ra8 37. Rd3 Rb8 38. Qg2 Qb5 39. Rd1 Qa4 40. Qf3 Qa7 41.
Rc1 Qb6 42. Nc5 Qb5 43. Kg2 {Game drawn by mutual agreement} 1/2-1/2

[Event "Team 45 45 League T99"]
[Site "Internet Chess Club"]
[Date "2024.03.07"]
[Round "4"]
[White "defythemachine"]
[Black "WillC"]
[Result "1-0"]
[WhiteElo "1464"]
[BlackElo "1546"]
[Opening "English, 1...Nf6 (Anglo-Indian defense)"]
[ECO "A15"]
[Time "19:04:05"]
[PlyCount "89"]
[TimeControl "2700+45"]

1. c4 Nf6 2. e3 e6 3. a3 d5 4. Nc3 Be7 5. Nf3 O-O 6. b4 c5 7. bxc5 Bxc5 8. cxd5
exd5 9. Bb2 Bg4 10. Be2 Nc6 11. O-O a6 12. Na4 Be7 13. Rc1 Rc8 14. h3 Be6 15.
Nc5 Qb6 16. Nxe6 fxe6 17. Rc2 Na5 18. Nd4 Nc4 19. Qc1 Kf7 20. Nf3 Kg8 21. Bxc4
dxc4 22. Rxc4 Rc6 23. Rxc6 bxc6 24. Ng5 c5 25. Qc2 g6 26. Bxf6 Bxf6 27. Rb1 Qc6
28. Qe4 Qxe4 29. Nxe4 Be7 30. Rb6 a5 31. Rxe6 Kf7 32. Ra6 Rb8 33. Rxa5 Rb1+ 34.
Kh2 c4 35. Ra7 Ke6 36. f4 Rb3 37. Kg3 h5 38. Kf3 Bxa3 39. Rg7 Rb1 40. Rxg6+ Kf7
41. Rf6+ Kg7 42. g4 hxg4+ 43. hxg4 Be7 44. Rc6 Rb4 45. f5 {Black resigns} 1-0

[Event "Team 45 45 League T99"]
[Site "Internet Chess Club"]
[Date "2024.03.07"]
[Round "4"]
[White "ChessMaine"]
[Black "burlap"]
[Result "1-0"]
[WhiteElo "1488"]
[BlackElo "1405"]
[Opening "Queen's pawn: stonewall attack"]
[ECO "D00"]
[Time "19:00:40"]
[PlyCount "49"]
[TimeControl "2700+45"]

1. d4 d5 2. e3 Nf6 3. Bd3 c6 4. Nd2 e6 5. f4 Be7 6. Ngf3 Nbd7 7. O-O O-O 8. Ne5
Nxe5 9. fxe5 Ne4 10. Nxe4 dxe4 11. Bxe4 f5 12. exf6 Rxf6 13. Bf3 Qc7 14. e4 e5
15. Be3 exd4 16. Qxd4 Bd6 17. h3 Bh2+ 18. Kh1 Be5 19. Qb4 Bd7 20. Rad1 Rd8 21.
Bg5 Rdf8 22. Bxf6 Rxf6 23. Be2 Rxf1+ 24. Rxf1 Be6 25. Qf8# {Black checkmated}
1-0

[Event "Team 45 45 League T99"]
[Site "Internet Chess Club"]
[Date "2024.03.09"]
[Round "4"]
[White "BlueStorm"]
[Black "kabindra"]
[Result "1-0"]
[WhiteElo "1628"]
[BlackElo "1609"]
[Opening "Queen's pawn game"]
[ECO "D02"]
[Time "16:00:28"]
[PlyCount "57"]
[TimeControl "2700+45"]

1. d4 d5 2. Nf3 Bf5 3. e3 Nf6 4. Bd3 Ne4 5. O-O e6 6. Nfd2 Nd7 7. Nxe4 dxe4 8.
Be2 Nf6 9. c4 c6 10. Nd2 Qc7 11. f3 exf3 12. Nxf3 O-O-O 13. Qa4 Kb8 14. c5 Ne4
15. Nd2 e5 16. Rxf5 Nxd2 17. Bxd2 exd4 18. exd4 Qd7 19. Bf4+ Ka8 20. Re5 f6 21.
Re3 g5 22. Bg3 h5 23. Be1 Bg7 24. Ba5 Rc8 25. Bb6 a6 26. Bxa6 bxa6 27. Qxa6+ Kb8
28. Ra3 Qb7 29. Qxb7+ {Black resigns} 1-0

[Event "Team 45 45 League T99"]
[Site "Internet Chess Club"]
[Date "2024.03.10"]
[Round "4"]
[White "olivermx"]
[Black "CMAlge"]
[Result "1-0"]
[WhiteElo "1447"]
[BlackElo "1438"]
[Opening "King's Indian: London system"]
[ECO "A48"]
[Time "10:21:09"]
[PlyCount "61"]
[TimeControl "2700+45"]

1. d4 Nf6 2. Nf3 g6 3. Bf4 Bg7 4. e3 O-O 5. h3 d6 6. Be2 Nbd7 7. c4 Ne4 8. Qc2
f5 9. Nc3 Ndf6 10. O-O b6 11. Rad1 Qe8 12. Bd3 Bb7 13. Bh2 Nxc3 14. Qxc3 Bxf3
15. gxf3 c5 16. Bg3 Qc6 17. Be2 Rae8 18. Qc2 Nh5 19. b3 Qd7 20. f4 Nf6 21. Kh2
Ne4 22. Bf3 Nf6 23. dxc5 bxc5 24. e4 fxe4 25. Bxe4 Nh5 26. Qd2 Nxf4 27. Bxf4
Rxf4 28. Qxf4 Be5 29. Qxe5 Qxh3+ 30. Kxh3 dxe5 31. Rd5 {Black resigns} 1-0

[Event "Team 45 45 League T99"]
[Site "Internet Chess Club"]
[Date "2024.03.11"]
[Round "4"]
[White "Fulmar"]
[Black "Andressa"]
[Result "1-0"]
[WhiteElo "1376"]
[BlackElo "1294"]
[Opening "Queen's pawn game, Chigorin variation"]
[ECO "D02"]
[Time "22:38:46"]
[PlyCount "39"]
[TimeControl "2700+45"]

1. d4 d5 2. Nf3 Nc6 3. e3 Nf6 4. Bd3 e6 5. b3 Be7 6. Nbd2 O-O 7. O-O h6 8. a3 a6
9. Bb2 Re8 10. Ne5 Nd7 11. f4 Bf6 12. Rf3 Rb8 13. Rh3 Qe7 14. Qh5 Bxe5 15. fxe5
Qg5 16. Qf3 Rf8 17. Rh5 Qe7 18. Qg3 f6 19. Qg6 f5 20. Rxh6 {Black resigns} 1-0

[Event "Team 45 45 League T99"]
[Site "Internet Chess Club"]
[Date "2024.03.10"]
[Round "4"]
[White "oldbookseller"]
[Black "Reykjaviking"]
[Result "0-1"]
[WhiteElo "912"]
[BlackElo "1232"]
[Opening "Dutch"]
[ECO "A80"]
[Time "14:00:23"]
[PlyCount "90"]
[TimeControl "2700+45"]

1. d4 f5 2. Nf3 Nf6 3. e3 e6 4. Bd3 Be7 5. O-O O-O 6. h3 b6 7. b3 d5 8. Bb2 h6
9. Nbd2 Bd7 10. c4 c6 11. Ne5 Be8 12. Ndf3 Bh5 13. Bc2 Nfd7 14. Qd3 Nxe5 15.
Nxe5 Nd7 16. g4 Nxe5 17. dxe5 fxg4 18. Qh7+ Kf7 19. f3 gxh3 20. Kh1 Rh8 21. Qd3
Bg6 22. Qxg6+ Kf8 23. Rg1 Rg8 24. Qxe6 g5 25. Qxh6+ Ke8 26. Qh5+ Kd7 27. e6+ Kc7
28. Qxh3 Qf8 29. Be5+ Bd6 30. Qg3 Qh6+ 31. Kg2 Qxe6 32. cxd5 Qxd5 33. e4 Qd2+
34. Kh3 Qxc2 35. Bxd6+ Kb7 36. e5 Rh8+ 37. Kg4 Rh4+ 38. Kxg5 Qh7 39. e6 Rg8+ 40.
Kf6 Rxg3 41. e7 Rxf3+ 42. Ke6 Re3+ 43. Kd7 Qf5+ 44. Kd8 Rh8+ 45. e8=Q Rhxe8#
{White checkmated} 0-1

[Event "Team 45 45 League T99"]
[Site "Internet Chess Club"]
[Date "2024.03.08"]
[Round "4"]
[White "kabubi"]
[Black "smsxman"]
[Result "0-1"]
[WhiteElo "1147"]
[BlackElo "1401"]
[Opening "Philidor's defense"]
[ECO "C41"]
[Time "11:00:27"]
[PlyCount "68"]
[TimeControl "2700+45"]

1. e4 e5 2. Nf3 d6 3. d4 b6 4. d5 Bb7 5. Bb5+ c6 6. dxc6 Nxc6 7. Qd5 Qc7 8. Ng5
Nf6 9. Bxc6+ Bxc6 10. Qc4 h6 11. Nf3 Be7 12. Nc3 O-O 13. O-O Rac8 14. Re1 Qb7
15. Bd2 Bxe4 16. Qb3 Bxf3 17. gxf3 Qxf3 18. Nb5 Qxb3 19. axb3 Rxc2 20. Red1 Ne4
21. Bb4 Nxf2 22. Rf1 Nh3+ 23. Kh1 Rxb2 24. Rf3 Ng5 25. Rg3 Ne4 26. Re3 f5 27.
Rxa7 Nf2+ 28. Kg1 f4 29. Rc3 Bf6 30. Nxd6 Rd8 31. Nf5 Rd1+ 32. Kg2 Ne4+ 33. Kf3
Nxc3 34. Bxc3 Rxb3 {White resigns} 0-1

[Event "Team 45 45 League T99"]
[Site "Internet Chess Club"]
[Date "2024.03.09"]
[Round "4"]
[White "Tjet"]
[Black "WzeroMN"]
[Result "1-0"]
[WhiteElo "1285"]
[BlackElo "935"]
[Opening "Réti opening"]
[ECO "A04"]
[Time "15:01:12"]
[PlyCount "33"]
[TimeControl "2700+45"]

1. Nf3 Nc6 2. c4 d5 3. cxd5 Qxd5 4. Nc3 Qd6 5. d3 Be6 6. g3 Nf6 7. Bg2 Bg4 8.
Bf4 e5 9. Be3 Be7 10. O-O O-O 11. a3 Nd4 12. Bxd4 exd4 13. Nb5 Qc5 14. Nbxd4
Bxf3 15. Nxf3 a5 16. Qc1 Qc2 17. Qxc2 {Black resigns} 1-0

[Event "Team 45 45 League T99"]
[Site "Internet Chess Club"]
[Date "2024.03.11"]
[Round "4"]
[White "chesskix"]
[Black "Electryon"]
[Result "1-0"]
[WhiteElo "1421"]
[BlackElo "1517"]
[Opening "English: Carls' Bremen system"]
[ECO "A22"]
[Time "20:00:11"]
[PlyCount "125"]
[TimeControl "2700+45"]

1. c4 e5 2. Nc3 Nf6 3. g3 d6 4. Bg2 Nbd7 5. d3 Be7 6. h3 c6 7. e4 Qc7 8. Nge2
O-O 9. O-O Nc5 10. Kh2 a5 11. a4 Ne8 12. f4 f5 13. fxe5 fxe4 14. Rxf8+ Bxf8 15.
Nxe4 dxe5 16. Be3 Nxe4 17. Bxe4 Nf6 18. Bg2 Bf5 19. Nc3 Rd8 20. d4 exd4 21. Bxd4
c5 22. Bd5+ Kh8 23. Bxf6 gxf6 24. Qf3 Qd7 25. Re1 Bg7 26. g4 Bg6 27. Kg2 b6 28.
Re2 f5 29. Be6 Qd6 30. gxf5 Be8 31. Bd5 Bd7 32. Ne4 Qh6 33. b3 Rf8 34. Ng3 Qg5
35. Be6 Qd8 36. Bxd7 Qxd7 37. Qd5 Qc7 38. Rf2 Bd4 39. Rf3 Rd8 40. Qe6 Qd6 41.
Qxd6 Rxd6 42. Ne4 Rh6 43. Ng5 Rf6 44. Ne4 Rf8 45. f6 Rg8+ 46. Rg3 Rxg3+ 47. Kxg3
Kg8 48. Kg4 Kf7 49. Kf5 h6 50. Nd6+ Kf8 51. Ke6 Be3 52. f7 Bf4 53. Nf5 h5 54. h4
Bc7 55. Ne3 Bg3 56. Nf5 Bc7 57. Nh6 Bg3 58. Nf5 Bc7 59. Ne3 Bg3 60. Nd5 Bxh4 61.
Nxb6 Bd8 62. Nd7+ Kg7 63. f8=Q+ {Black resigns} 1-0

[Event "Team 45 45 League T99"]
[Site "Internet Chess Club"]
[Date "2024.03.10"]
[Round "4"]
[White "BrerRabbit"]
[Black "sdcohle"]
[Result "1/2-1/2"]
[WhiteElo "1268"]
[BlackElo "1351"]
[Opening "Queen's pawn game, Darooha variation "]
[ECO "D02"]
[Time "19:30:52"]
[PlyCount "81"]
[TimeControl "2700+45"]

1. d4 d5 2. Nf3 Nf6 3. g3 e6 4. Bg2 c6 5. O-O Bd6 6. c4 Nbd7 7. Nfd2 e5 8. cxd5
cxd5 9. dxe5 Nxe5 10. Nb3 Be6 11. Nd4 Bd7 12. Nc3 Bc6 13. Qb3 Bc7 14. Bg5 Nc4
15. Qc2 O-O 16. Nxc6 bxc6 17. Qc1 Qd6 18. Bf4 Qe7 19. Bxc7 Qxc7 20. b3 Nb6 21.
Rd1 Rac8 22. e3 a6 23. Rd2 Rfe8 24. Rc2 Qd6 25. Qd1 Rcd8 26. Rac1 Rc8 27. Ne2
Qe6 28. Nd4 Qd7 29. Rxc6 Rxc6 30. Rxc6 Qb7 31. Qc2 h6 32. Nf5 Rc8 33. Rxc8+ Nxc8
34. Qc5 Kh7 35. Nd4 Kg8 36. Kf1 Nb6 37. Qc6 Qb8 38. Qc5 Qb7 39. Qc6 Qa7 40. Ke1
Qb8 41. Qc5 {Game drawn by mutual agreement} 1/2-1/2

[Event "Team 45 45 League T99"]
[Site "Internet Chess Club"]
[Date "2024.03.10"]
[Round "4"]
[White "Visin"]
[Black "Ostap-Bender"]
[Result "1-0"]
[WhiteElo "1311"]
[BlackElo "1230"]
[Opening "Sicilian defense"]
[ECO "B40"]
[Time "09:00:15"]
[PlyCount "105"]
[TimeControl "2700+45"]

1. e4 c5 2. Nf3 e6 3. c3 d5 4. exd5 exd5 5. d4 Nf6 6. Be3 b6 7. Be2 Be7 8. Nbd2
O-O 9. h3 Ba6 10. O-O Bxe2 11. Qxe2 Nc6 12. Rfe1 Re8 13. Qd3 c4 14. Qc2 Bd6 15.
Bg5 Rxe1+ 16. Rxe1 Be7 17. Qa4 Rc8 18. Ne5 Na5 19. f3 h6 20. Bh4 g5 21. Bg3 Qe8
22. Qc2 Nc6 23. Ng4 Nxg4 24. hxg4 Qd7 25. Kf2 Bd6 26. Nf1 Bxg3+ 27. Nxg3 Ne7 28.
Re3 Rc6 29. Qe2 Re6 30. Nh5 Qd6 31. g3 Rxe3 32. Qxe3 Qe6 33. Qe5 Qxe5 34. dxe5
Kf8 35. f4 gxf4 36. gxf4 Ng6 37. Ke3 Ke7 38. Kd4 Kd7 39. Kxd5 b5 40. f5 Ne7+ 41.
Kc5 Nc6 42. e6+ fxe6 43. fxe6+ Kc7 44. Kxb5 Ne5 45. Nf6 Nc6 46. Kxc4 Kd6 47. Ng8
Kxe6 48. Nxh6 Ne5+ 49. Kb5 Kd6 50. b4 Kd5 51. g5 Kd6 52. Nf5+ Kc7 53. c4 {Black
resigns} 1-0

[Event "Team 45 45 League T99"]
[Site "Internet Chess Club"]
[Date "2024.03.11"]
[Round "4"]
[White "stantheman59"]
[Black "tamky70"]
[Result "1-0"]
[WhiteElo "1202"]
[BlackElo "1276"]
[Opening "Alekhine's defense"]
[ECO "B02"]
[Time "19:00:24"]
[PlyCount "121"]
[TimeControl "2700+45"]

1. e4 Nf6 2. Nc3 d6 3. Bc4 c6 4. d4 Bd7 5. Bg5 Nxe4 6. Bxf7+ Kxf7 7. Qf3+ Kg8 8.
Qxe4 Qe8 9. d5 Bf5 10. Qxf5 Qf7 11. Qxf7+ Kxf7 12. Nf3 Nd7 13. O-O h6 14. Be3
Nf6 15. Rfd1 c5 16. h3 b6 17. Nb5 a6 18. Nc7 Ra7 19. Ne6 Nxd5 20. Nxf8 Nxe3 21.
fxe3 Kxf8 22. Rd5 Ke8 23. Nd2 Kd7 24. Rf5 Raa8 25. Nc4 Rab8 26. Rd1 b5 27. Na5
Rhf8 28. Rxc5 Rf6 29. Rc6 Rc8 30. Rxc8 Kxc8 31. Nc6 Re6 32. Kf2 Kd7 33. Nd4 Rf6+
34. Ke2 e5 35. Nb3 Ke6 36. e4 Rg6 37. g4 h5 38. Rg1 hxg4 39. hxg4 Rh6 40. Kf3 g5
41. a3 Kd7 42. Nd2 Kc6 43. b4 Rf6+ 44. Ke3 Rh6 45. Kf2 Rh3 46. Rg3 Rh2+ 47. Rg2
Rh6 48. c4 Rf6+ 49. Ke2 bxc4 50. Nxc4 Kb5 51. Nb2 Rf4 52. a4+ Kc6 53. Ke3 d5 54.
Rc2+ Kd6 55. exd5 Rxg4 56. b5 axb5 57. axb5 Rb4 58. b6 Rxb6 59. Nc4+ Kxd5 60.
Nxb6+ Ke6 61. Ke4 {Black resigns} 1-0

[Event "Team 45 45 League T99"]
[Site "Internet Chess Club"]
[Date "2024.03.06"]
[Round "4"]
[White "Manch"]
[Black "Kingofknights"]
[Result "1-0"]
[WhiteElo "1376"]
[BlackElo "1450"]
[Opening "Budapest: Adler variation"]
[ECO "A52"]
[Time "17:30:18"]
[PlyCount "37"]
[TimeControl "2700+45"]

1. d4 Nf6 2. c4 e5 3. dxe5 Ng4 4. Nf3 Nc6 5. Bf4 Bb4+ 6. Nc3 Bxc3+ 7. bxc3 Qe7
8. Qd5 f6 9. exf6 Nxf6 10. Qd3 d6 11. e3 O-O 12. Be2 Bd7 13. c5 dxc5 14. Bxc7
Bf5 15. Qxf5 Qxc7 16. Qxc5 b6 17. Qc4+ Kh8 18. Nd4 Rac8 19. Ne6 {Black resigns}
1-0

[Event "Team 45 45 League T99"]
[Site "Internet Chess Club"]
[Date "2024.03.07"]
[Round "4"]
[White "Constrictor"]
[Black "garytd"]
[Result "1/2-1/2"]
[WhiteElo "1411"]
[BlackElo "1465"]
[Opening "Réti: Nimzovich-Larsen attack"]
[ECO "A06"]
[Time "19:01:06"]
[PlyCount "66"]
[TimeControl "2700+45"]

1. Nf3 d5 2. b3 Nf6 3. e3 Bf5 4. Bb2 Nc6 5. Bb5 a6 6. Bxc6+ bxc6 7. Ne5 c5 8.
O-O e6 9. c4 d4 10. Qf3 Be4 11. Qd1 Qd6 12. f4 dxe3 13. dxe3 Rd8 14. Nc3 Bb7 15.
Qe2 Qd2 16. Rfd1 Qxe2 17. Rxd8+ Kxd8 18. Nxe2 Ke8 19. Nc3 Bd6 20. Na4 Rg8 21.
Re1 Ne4 22. Nd3 Bc6 23. Nc3 Nxc3 24. Bxc3 Be4 25. Rd1 g5 26. fxg5 Rxg5 27. g3 h5
28. Nf2 Bf3 29. Nh3 Rg8 30. Rf1 Be4 31. Nf4 h4 32. Be1 hxg3 33. Bxg3 Bxf4 {Game
drawn by mutual agreement} 1/2-1/2